General information
- name: BNet
- type: Ladder 1vs1/FFA
- host: Battle.net
- saver: cheeesemaster
map: EchoIsles
- players: 2
- length: 02:51
- speed: Fast
- version: 1.26 W3XP
- replay type: Public
» download(8 KB)
Players
team 1 (loser)

»
dragosdo (
green | 38 APM | 108 actions | 02:50)
1 Demon Hunter
1 Immolation
» actions
| Build / train | 11 | |
| Enter build submenu | 7 | |
| Enter hero's abilities submenu | 1 | |
| Right click | 36 | |
| Select / deselect | 44 | |
| Use ability | 9 | |
108 total
» units
» buildings
| Moon Well | 2 | |
| Altar of Elders | 1 | |
| Ancient of Wonders | 1 | |
| Ancient of War | 1 | |
5 total
» build order
00:10 Moon Well
00:24 Altar of Elders
00:59 Ancient of Wonders
01:05 Ancient of War
02:00 Moon Well
team 2 (winner)
cheeesemaster (
purple | 65 APM | 187 actions | 02:51)
» actions
| Assign group hotkey | 10 | |
| Build / train | 13 | |
| Enter build submenu | 7 | |
| Right click | 60 | |
| Select / deselect | 43 | |
| Select group hotkey | 41 | |
| Use ability | 13 | |
187 total
» units
» buildings
| Lumber Mill | 1 | |
| Scout Tower | 4 | |
| Guard Tower | 6 | |
| Farm | 1 | |
12 total
» build order
00:05 Lumber Mill
00:55 Scout Tower
01:08 Guard Tower
01:09 Scout Tower
01:23 Guard Tower
01:23 Guard Tower
01:26 Scout Tower
01:41 Guard Tower
01:52 Scout Tower
02:16 Guard Tower
02:45 Farm
Chat log
(00:23 / All) cheeesemaster: wats up granny
(02:25 / All) cheeesemaster: lol